 Dungeon Crawl Stone Soup version 0.21.0 (webtiles) character file.

76 KristoblXynda the Ducker (level 4, -1/23 HPs)
             Began as a Spriggan Fighter on Jan 6, 2018.
             Killed from afar by an orc wizard (5 damage)
             ... with a magic dart
             ... on level 2 of the Dungeon.
             The game lasted 00:05:07 (2655 turns).

KristoblXynda the Ducker (Spriggan Fighter)         Turns: 2655, Time: 00:05:08

Health: -1/23      AC:  2    Str: 12    XL:     4   Next: 12%
Magic:  5/5        EV: 20    Int: 10    God:
Gold:   72         SH:  6    Dex: 15    Spells: 3/3 levels left

rFire    . . .     SeeInvis +   h - +0 dagger
rCold    . . .     Gourm    .   c - +0 buckler
rNeg     . . .     Faith    .   b - +0 robe
rPois    .         Spirit   .   (helmet restricted)
rElec    .         Reflect  .   (no cloak)
rCorr    .         Harm     .   (gloves unavailable)
MR       .....                  (boots unavailable)
Stlth    ++........             (no amulet)
HPRegen  0.07/turn              (no ring)
MPRegen  0.09/turn              (no ring)

@: very quick
A: very small, unfitting armour, see invisible, herbivore, speed 3, slow
metabolism 2
a: no special abilities


You were on level 2 of the Dungeon.
You were not hungry.

You visited 1 branch of the dungeon, and saw 3 of its levels.

You collected 72 gold pieces.

Inventory:

Hand Weapons
 a - a +0 rapier
 h - a +0 dagger (weapon)
Armour
 b - a +0 robe (worn)
 c - a +0 buckler (worn)
Jewellery
 g - an uncursed amulet of magic regeneration {unknown}
 j - an uncursed ring of wizardry {unknown}
Scrolls
 e - 3 scrolls of teleportation
 i - a scroll of random uselessness {unknown}
 k - a scroll of amnesia {unknown}
 l - a scroll of magic mapping {unknown}
 m - a scroll of enchant weapon {unknown}
 n - a scroll of fear
 o - a scroll of identify {unknown}
Potions
 d - a potion of might
Comestibles
 f - a ration


   Skills:
 - Level 2.4 Fighting
 + Level 3.2 Short Blades
 - Level 5.2 Dodging
 + Level 1.6 Stealth
 + Level 2.8 Shields


You had 3 spell levels left.
You didn't know any spells.

Dungeon Overview and Level Annotations

Branches:
Dungeon (3/15)

Altars:
Nemelex Xobeh

Annotations:
D:3 Jessica


Innate Abilities, Weirdness & Mutations

You are very small and have problems with some larger weapons.
You are too small for most types of armour.
You have supernaturally acute eyesight. (SInv)
You are a herbivore.
You cover ground extremely quickly.
You need consume almost no food.


Message History

The orc wizard is heavily wounded.
The orc wizard hits you but does no damage.
You barely miss the orc wizard.
The orc wizard is heavily wounded.
The orc wizard points at you and mumbles some strange words.
The magic dart hits you!
You hit the orc wizard but do no damage.
The orc wizard is heavily wounded.
The orc wizard gestures at you while chanting.
The magic dart hits you!
* * * LOW HITPOINT WARNING * * *
You hit the orc wizard but do no damage.
The orc wizard is heavily wounded.
The orc wizard mumbles some strange words.
The orc wizard blinks!
There is a stone staircase leading down here.
It was a potion of magic.
Magic courses through your body.
The orc wizard points at you and mumbles some strange words.
The magic dart hits you!
You die...

###.## ##.##.........>.##...#
##.###.#####.######..##...#
##...## #.# #..##...# ##.##
#.# #.......#### #.# ##+##
##.#.......# #.# ##...##
#......##.# ###.# ##.....##
###..####.# ##.#.#
##.....o.## ##...# #.#
###....###....ยง.@..####..#.#
#.#
..(......+.........'.......#
#.#
###....###.........####....#
#.# ##.#.####....>..##
##.#.###.# ###...(# ##.....##
#.......# #......# ##...##
###.##### #.#....# ##'## #.#
#.#.#### #.# #.# ##.#.# #.#
#.#


You could see an orc wizard.

Vanquished Creatures
  3 adders
  2 oozes (D:2)
  2 orcs
  4 goblins
  8 hobgoblins
  A jackal (D:1)
  2 quokkas
  9 bats
  2 frilled lizards
  5 rats
38 creatures vanquished.

Notes
Turn   | Place    | Note
-------+----------+-------------------------------------------
     0 | D:1      | KristoblXynda the Spriggan Fighter began the quest for the Orb.
     0 | D:1      | Reached XP level 1. HP: 11/11 MP: 2/2
    98 | D:1      | Reached XP level 2. HP: 14/16 MP: 3/3
  1202 | D:2      | Reached skill level 5 in Dodging
  1383 | D:2      | Reached XP level 3. HP: 19/19 MP: 4/4
  1395 | D:2      | Found a sparkling altar of Nemelex Xobeh.
  2027 | D:2      | Reached skill level 1 in Stealth
  2491 | D:3      | Reached XP level 4. HP: 4/23 MP: 5/5
  2580 | D:3      | Found a faded altar of an unknown god.
  2619 | D:3      | Noticed Jessica
  2655 | D:2      | Killed from afar by an orc wizard

Skill      XL: |  1  2  3 |
---------------+----------+-----
Dodging        | 5 |  5.2
Short Blades   | 3 |  3.2
Stealth        | 1 |  1.6
Fighting       | |  2.4
Shields        | |  2.8

Action                   |  1- 3 |  4- 6 || total
-------------------------+-------+-------++-------
Melee: Rapier            |    40 |       ||    40
       Dagger            |   176 |    25 ||   201
  Use: Potion            |     1 |     3 ||     4
       Scroll            |       |     2 ||     2
 Stab: Sleeping          |       |     2 ||     2
Armor: Robe              |    18 |     1 ||    19
Dodge: Dodged            |   141 |     7 ||   148
Block: Buckler           |    67 |     4 ||    71
